 Dungeon Crawl Stone Soup version 0.29.1-15-g9cfb28693d (webtiles) character file.

Game seed: 5298403321530893209

101 GeoRichter the Firebug (level 4, -12/30 HPs)
             Began as a Demonspawn Fire Elementalist on Mar 17, 2023.
             Was a Believer of Uskayaw.
             Killed by divine providence
             ... invoked by an orc priest
              (13 damage)
             ... on level 3 of the Dungeon.
             The game lasted 00:04:19 (2276 turns).

GeoRichter the Firebug (DsFE)                       Turns: 2276, Time: 00:04:20

Health: -12/30     AC:  4    Str:  8    XL:     4   Next: 48%
Magic:  2/8        EV: 12    Int: 18    God:    Uskayaw [**....]
Gold:   58         SH:  0    Dex: 14    Spells: 4/8 levels left

rFire   . . .      SeeInvis .   f - +2 dagger (venom)
rCold   . . .      Faith    .   (no shield)
rNeg    . . .      Spirit   .   a - +0 robe
rPois   .          Reflect  .   (no helmet)
rElec   .          Harm     .   o - +0 cloak
rCorr   .          Rampage  .   p - +0 pair of gloves
Will    .....                   (no boots)
Stlth   ++........              (no amulet)
HPRegen 0.10/turn               (no ring)
MPRegen 0.11/turn               (no ring)

@: very slightly contaminated
A: demonic guardian 1, ignite blood 1
a: Renounce Religion, Stomp, Line Pass


You were on level 3 of the Dungeon.
You worshipped Uskayaw.
Uskayaw was noncommittal.
You visited 1 branch of the dungeon, and saw 3 of its levels.

You collected 58 gold pieces.

Inventory:

Hand Weapons
 f - a +2 dagger of venom (weapon)
   (You found it on level 1 of the Dungeon)
 t - a +3 dagger
   (You took it off a kobold on level 3 of the Dungeon)
Armour
 a - a +0 robe (worn)
 o - a +0 cloak (worn)
   (You found it on level 2 of the Dungeon)
 p - a +0 pair of gloves (worn)
   (You found it on level 2 of the Dungeon)
Scrolls
 e - a scroll of fear
 k - a scroll of identify {unknown}
 m - a scroll of torment {unknown}
 n - a scroll of noise {unknown}
 q - a scroll of summoning {unknown}
 s - a scroll of immolation {unknown}
Potions
 b - 2 potions of magic
 c - a potion of curing {unknown}
 d - 2 potions of brilliance {unknown}
 g - a potion of flight {unknown}
 h - a potion of mutation {unknown}
 i - a potion of invisibility {unknown}
 j - a potion of heal wounds {@q2}
 l - 2 potions of attraction {unknown}
 r - a potion of lignification {unknown}


   Skills:
 - Level 1.7 Dodging
 - Level 2.0 Stealth
 - Level 2.7 Spellcasting
 - Level 2.3 Conjurations
 - Level 3.0 Fire Magic
 * Level 2.0 Ice Magic


You had 4 spell levels left.
You knew the following spells:

 Your Spells              Type           Power      Damage    Failure   Level
a - Foxfire               Conj/Fire      48%        2x1d6     5%          1
b - Frozen Ramparts       Ice            18%        1d3       22%         3

Your spell library contained the following spells:

 Spells                   Type           Power      Damage    Failure   Level
 Scorch                   Fire           26%        2d6       7%          2
 Conjure Flame            Conj/Fire      12%        6-21      17%         3
 Inner Flame              Hex/Fire       7%         N/A       26%         3
 Flame Wave               Conj/Fire      12%        2d6       50%         4
 Ice Form                 Ice/Tmut       6%         N/A       73%         4
 Summon Ice Beast         Ice/Summ       6%         N/A       73%         4


Dungeon Overview and Level Annotations

Branches:
Dungeon (3/15) Zot: 15723

Altars:
Uskayaw

Annotations:
D:3 1 transporter


Innate Abilities, Weirdness & Mutations

A weak demonic guardian rushes to your aid.
Your demonic aura sometimes causes spilled blood to erupt in flames.


Message History

The orc priest calls down the wrath of Beogh upon you.
Pain shoots through your body! The orc hits you with a +0 hand axe.
The spell is quite dangerous to miscast (22% risk of failure)!
Continue anyway?
There is a cloud of flame here.
You miscast Frozen Ramparts.
You are very lightly contaminated with residual magic.
Nothing appears to happen.
The orc hits you but does no damage. The adder barely misses you.
You don't have enough magic to cast this spell.
There are monsters nearby!
Unknown command.
You barely miss the orc. The orc misses you. The adder bites you.
* * * LOW HITPOINT WARNING * * *
You swap places.
The adder bites your shadow imp.
The orc priest begins to cast a cantrip, but forgets the words!
The orc barely misses your shadow imp.
Your shadow imp barely misses the orc.
The adder barely misses your shadow imp.
The orc hits your shadow imp with a +0 hand axe.
The jackal bites you.
* * * LOW HITPOINT WARNING * * *
A demonic guardian appears!
The adder closely misses your shadow imp.
Your shadow imp hits the orc but does no damage.
You see here a rat corpse.
You hit the jackal.
You kill the jackal!
The orc hits your shadow imp with a +0 hand axe.
The adder bites your shadow imp but does no damage.
A jackal comes into view.
Your shadow imp hits the orc.
The orc priest looks satisfied for a moment.
The orc priest closely misses you.
You see here a jackal corpse.
You hit the orc priest but do no damage.
The orc priest is poisoned.
You feel a bit more experienced. The orc priest hits you with a +0 mace!
* * * LOW HITPOINT WARNING * * *
Your iron imp hits the orc priest!
Something bites your shadow imp.
Your Ice Magic skill increases to level 2!
You barely miss the orc priest.
Your shadow imp disappears in a puff of smoke!
The orc priest calls upon Beogh to heal the orc priest.
The orc priest is healed somewhat.
The orc priest hits you with a +0 mace.
* * * LOW HITPOINT WARNING * * *
Your iron imp closely misses the orc priest.
The orc priest barely misses something.
The jackal bites something.
You closely miss the adder. The adder closely misses you.
The orc priest calls down the wrath of Beogh upon you.
Beogh smites you!
You die...

###.. .[.©.... .....
........ .#.... ........
..#...# #............
....#.o### #....<..$..o.
#...S..## #.....#......
.o..#o##†.###..........S.
. #.o5S..........)....<
.......#@..##......#.....
..#.#.###...#...)).......
# #. #......#)##..#.#. .
###......##...... #.
####.....)#.#.#
#..########....#.....
#...§§§§..(..#.......
##.####v.<.....###.S..
#.......####........##


You could see 2 orc priests, an adder and a friendly iron imp (summoned).

Vanquished Creatures
  An orc wizard (D:3)
  An adder (D:3)
  A dart slug (D:3)
  6 orcs (D:3)
  6 ball pythons
  9 endoplasms
  3 goblins
  2 hobgoblins (D:2)
  3 jackals (D:3)
  9 kobolds
  6 bats
  A frilled lizard (D:1)
  4 rats
52 creatures vanquished.

Vanquished Creatures (collateral kills)
  2 orcs (D:3)
2 creatures vanquished.

Vanquished Creatures (others)
  38 foxfires
38 creatures vanquished.

Grand Total: 92 creatures vanquished

Notes
Turn   | Place    | Note
-------+----------+-------------------------------------------
     0 | D:1      | GeoRichter the Demonspawn Fire Elementalist began the quest
                  | for the Orb.
     0 | D:1      | Reached XP level 1. HP: 13/13 MP: 3/3
   349 | D:1      | Gained mutation: A weak demonic guardian rushes to your
                  | aid. [demonic ancestry]
   349 | D:1      | Reached XP level 2. HP: 16/19 MP: 0/5
  1491 | D:2      | Reached XP level 3. HP: 17/24 MP: 6/6
  1658 | D:2      | Learned a level 3 spell: Frozen Ramparts
  1899 | D:2      | Found a faded altar of an unknown god.
  1908 | D:2      | Prayed at the altar of an unknown god.
  1908 | D:2      | Became a worshipper of Uskayaw the Reveller
  1908 | D:2      | Reached * piety under Uskayaw
  2103 | D:3      | Found a transporter.
  2164 | D:3      | Reached ** piety under Uskayaw
  2165 | D:3      | Reached skill level 3 in Fire Magic
  2187 | D:3      | Reached *** piety under Uskayaw
  2205 | D:3      | Reached skill level 1 in Ice Magic
  2205 | D:3      | Gained mutation: Your demonic aura sometimes causes spilled
                  | blood to erupt in flames. [demonic ancestry]
  2205 | D:3      | Reached XP level 4. HP: 11/30 MP: 0/8
  2274 | D:3      | HP: 1/30 [orc priest/+0 mace (5)]
  2276 | D:3      | Killed from afar by an orc priest

Illustrated notes

Levels and vault maps discovered:
D:1:      minmay_arrival_jagged, layout_rooms, minmay_pentomino_q2
D:2:      layout_basic, hellmonk_ecumenical_altar_lost_god,
          chequers_serial_rivers_micro_e
D:3:      layout_rooms, gammafunk_ghost_arena, minmay_misc_feat_pillars

Skill      XL: |  1  2  3  4 |
---------------+-------------+-----
Stealth        | 2 |  2.0
Conjurations   | 2 |  2.3
Fire Magic     | 3 |  3.0
Ice Magic      | 1 2 |  2.0
Dodging        | |  1.7
Spellcasting   | |  2.7

Action                   |  1- 3 |  4- 6 || total
-------------------------+-------+-------++-------
Melee: Unarmed           |     4 |       ||     4
       Dagger            |    71 |    14 ||    85
       Short sword       |     3 |       ||     3
       Punch             |     1 |       ||     1
 Cast: Foxfire           |    26 |       ||    26
       Frozen Ramparts   |       |     1 ||     1
  Use: Potion            |     1 |     2 ||     3
       Scroll            |     1 |       ||     1
 Stab: Sleeping          |     4 |       ||     4
Armor: Robe              |    20 |     2 ||    22
Dodge: Dodged            |    59 |    12 ||    71
